 Dungeon Crawl Stone Soup version 0.31-a0-188-g5e087ee2ca (webtiles) character file.

Game seed: 2554288971702872183

299 qw the Skirmisher (level 6, -1/35 HPs)
             Began as a Deep Elf Hunter on June 23, 2023.
             Slain by Blork the orc
             ... wielding a +1 mace of protection
              (3 damage)
             ... on level 5 of the Dungeon.
             The game lasted 00:01:12 (3051 turns).

qw the Skirmisher (Deep Elf Hunter)                 Turns: 3051, Time: 00:01:13

Health: -1/35      AC:  6    Str:  7 (10) XL:     6   Next: 13%
Magic:  8/8        EV: 10    Int: 13 (14) God:
Gold:   293        SH:  0    Dex: 17 (18) Spells: 5/5 levels left

rFire   . . .        Y - +1 shortbow (drain)
rCold   . . .        (shield currently unavailable)
rNeg    . . .        g - +0 ring mail
rPois   +            f - +0 helmet
rElec   .            (no cloak)
rCorr   .            (no gloves)
SInv    .            (no boots)
Will    .....        (no amulet)
Stlth   +            c - ring of poison resistance
HPRegen 0.25/turn    (no ring)
MPRegen 0.11/turn

%: no passive effects
@: about to teleport
A: no striking features
a: no special abilities


You were on level 5 of the Dungeon.
You visited 1 branch of the dungeon, and saw 5 of its levels.

You collected 293 gold pieces.


   Skills:
 - Level 2.2 Fighting
 + Level 9.5 Ranged Weapons
 - Level 2.4 Dodging
 - Level 1.2 Stealth


You had 5 spell levels left.
You didn't know any spells.
Your spell library was empty.

Inventory:

Hand Weapons
 Y - a +1 shortbow of draining (weapon)
Armour
 a - a +0 pair of gloves
 f - a +0 helmet (worn)
 g - a +0 ring mail (worn)
Jewellery
 c - a ring of poison resistance (left hand)
Scrolls
 d - a scroll of poison {unknown}
 i - a scroll of teleportation
 k - 2 scrolls of identify
Potions
 b - a potion of haste
 h - a potion of curing

Dungeon Overview and Level Annotations

Branches:
Dungeon (5/15)
 Temple: D:4-7

Altars:
Ashenzari
Fedhas
Makhleb
Vehumet

Annotations:
D:5 Blork the orc


Message History

The arrow hits Blork the orc but does no damage.
Blork the orc hits you with a +1 mace of protection.
You shoot an arrow. The arrow closely misses Blork the orc.
Blork the orc barely misses you.
You shoot an arrow.
The arrow completely misses Blork the orc.
Blork the orc hits you with a +1 mace of protection.
You shoot an arrow. The arrow closely misses Blork the orc.
Blork the orc hits you with a +1 mace of protection.
You shoot an arrow.
The arrow hits Blork the orc but does no damage.
You drain Blork the orc.
Blork the orc is lightly wounded.
Blork the orc hits you with a +1 mace of protection.
You shoot an arrow.
The arrow hits Blork the orc but does no damage.
You drain Blork the orc.
Blork the orc is lightly wounded.
Blork the orc hits you but does no damage. x2
You shoot an arrow.
The arrow hits Blork the orc but does no damage.
You drain Blork the orc.
Blork the orc is moderately wounded.
Blork the orc casts a spell at you. The puff of flame hits you.
You shoot an arrow. The arrow barely misses Blork the orc.
Blork the orc hits you with a +1 mace of protection.
You shoot an arrow. The arrow barely misses Blork the orc.
Blork the orc closely misses you.
You shoot an arrow. The arrow closely misses Blork the orc.
Blork the orc hits you with a +1 mace of protection.
3050 ||| READING 2 scrolls of teleportation.
As you read the scroll of teleportation, it crumbles to dust.
You feel strangely unstable.
Blork the orc gestures at you while chanting.
The magic dart hits you!
You shoot an arrow. The arrow hits Blork the orc.
You drain Blork the orc.
Blork the orc is heavily wounded.
Blork the orc hits you with a +1 mace of protection.
You die...

#.......# #. ##.......#
###. .........######
#... ...#.........#
#.## #.........# ##)#
#.........# ##..#
#.........###).##
#.........#)..####
#@.........)......
#....o.................
#......#######.........
#...!..# ##..######
######## #.## ..# #.##
..


You could see Blork the orc (very drained).

Vanquished Creatures
  A jelly (D:4)
  A hound (D:5)
  Jessica (D:3)
  An orc wizard (D:3)
  Natasha (D:2)
  4 gnolls (D:4)
  4 adders
  2 worms
  A dart slug (D:2)
  9 orcs
  4 ball pythons
  A bat (D:2)
  5 endoplasms
  A giant cockroach (D:2)
  4 goblins
  7 hobgoblins
  7 jackals
  6 kobolds
  5 quokkas
  A frilled lizard (D:2)
  9 rats
75 creatures vanquished.

Vanquished Creatures (others)
  An orc (D:4)
1 creature vanquished.

Grand Total: 76 creatures vanquished

Notes
Turn   | Place    | Note
-------+----------+-------------------------------------------
     0 | D:1      | qw the Deep Elf Hunter began the quest for the Orb.
     0 | D:1      | Reached XP level 1. HP: 12/12 MP: 3/3
     0 | D:1      | 0 ||| qw: Version: 0.3-a-9-g12657ce
     0 | D:1      | 0 ||| qw: Game counter: 3336
     0 | D:1      | 0 ||| qw: Always use a shield: true
     0 | D:1      | 0 ||| qw: God list: Okawaru
     0 | D:1      | 0 ||| qw: Allow faded altars: false
     0 | D:1      | 0 ||| qw: Do Orc after D:15 true
     0 | D:1      | 0 ||| qw: Do second Lair branch before Depths: true
     0 | D:1      | 0 ||| qw: Lair rune preference: random
     0 | D:1      | 0 ||| qw: Plans: Normal
     0 | D:1      | 0 ||| PLANNING D:1-11
   136 | D:1      | You fall into a shaft and drop 1 floor!
   156 | D:2      | Reached skill level 6 in Ranged Weapons
   156 | D:2      | Reached XP level 2. HP: 8/16 MP: 4/4
   375 | D:2      | Reached XP level 3. HP: 20/20 MP: 5/5
   436 | D:2      | HP: 3/20 [adder (4)]
   521 | D:2      | 521 ||| READING 2 scrolls labelled FYALEAXZAUQY.
   522 | D:2      | 522 ||| READING scroll labelled TEHAOTU FEGIETURGH.
   523 | D:2      | 523 ||| READING scroll labelled TAPEFI HOC CUJ.
   524 | D:2      | 524 ||| READING scroll labelled ROENEG OXKAZARR.
   525 | D:2      | 525 ||| DRINKING 2 fuming black potions.
   526 | D:2      | 526 ||| FLEEEEING.
   527 | D:2      | 527 ||| FLEEEEING.
   529 | D:2      | 529 ||| STAIRDANCE
   701 | D:1      | Reached skill level 7 in Ranged Weapons
   925 | D:1      | 925 ||| UPGRADING to +0 ring mail.
   935 | D:1      | 935 ||| DROPPING +0 leather armour.
   936 | D:1      | 936 ||| READING 2 scrolls labelled YBBOXILIHI.
   937 | D:1      | 937 ||| READING scroll labelled NUCANIQIEC.
   938 | D:1      | 938 ||| DRINKING 2 dark potions.
   939 | D:1      | 939 ||| DRINKING 2 white potions.
   964 | D:1      | 964 ||| DROPPING scroll of noise.
   965 | D:1      | 965 ||| DROPPING scroll of butterflies.
   966 | D:1      | 966 ||| DROPPING potion of brilliance.
   967 | D:1      | 967 ||| DROPPING scroll of fog.
   968 | D:1      | 968 ||| DROPPING potion of lignification.
   995 | D:2      | 995 ||| STAIRDANCE
  1332 | D:2      | Noticed Natasha
  1344 | D:2      | Killed Natasha
  1345 | D:2      | Reached XP level 4. HP: 10/25 MP: 6/6
  1465 | D:2      | 1465 ||| READING scroll labelled TUWKIBLIA XUPARGH.
  1468 | D:2      | 1468 ||| READING scroll labelled IVIXZI QEEM.
  1964 | D:3      | Found a radiant altar of Vehumet.
  1965 | D:3      | Found a burning altar of Makhleb.
  1967 | D:3      | Found a broken altar of Ashenzari.
  1989 | D:3      | Noticed Jessica
  1992 | D:3      | Killed Jessica
  1993 | D:3      | Reached skill level 8 in Ranged Weapons
  2184 | D:3      | 2184 ||| DROPPING ring of wizardry.
  2185 | D:3      | 2185 ||| READING scroll labelled BAQUPN RAITESU.
  2186 | D:3      | 2186 ||| READING scroll labelled DIV KUBAUMU.
  2187 | D:3      | 2187 ||| READING scroll labelled AZUOMI WIQOKON.
  2188 | D:3      | 2188 ||| READING 2 scrolls of identify.
  2188 | D:3      | 2188 ||| IDENTIFYING inky potion
  2209 | D:4      | 2209 ||| STAIRDANCE
  2216 | D:3      | Reached XP level 5. HP: 19/29 MP: 7/7
  2339 | D:4      | Reached skill level 9 in Ranged Weapons
  2344 | D:4      | 2344 ||| FLEEEEING.
  2345 | D:4      | 2345 ||| FLEEEEING.
  2350 | D:4      | 2350 ||| STAIRDANCE
  2469 | D:4      | Found a blossoming altar of Fedhas.
  2758 | D:4      | 2758 ||| UPGRADING to +0 helmet.
  2763 | D:4      | 2763 ||| UPGRADING to ring of poison resistance.
  2764 | D:4      | 2764 ||| READING scroll labelled DIECAEWK FUUCY.
  2765 | D:4      | 2765 ||| DRINKING 2 puce potions.
  2766 | D:4      | 2766 ||| DRINKING 2 murky black potions.
  2871 | D:4      | 2871 ||| READING 3 scrolls of identify.
  2871 | D:4      | 2871 ||| IDENTIFYING grey potion
  2872 | D:4      | 2872 ||| DROPPING potion of degeneration.
  2873 | D:4      | 2873 ||| DROPPING potion of attraction.
  2874 | D:4      | 2874 ||| DROPPING potion of berserk rage.
  2883 | D:5      | Entered Level 5 of the Dungeon
  2957 | D:5      | Reached XP level 6. HP: 35/35 MP: 8/8
  3038 | D:5      | Noticed Blork the orc
  3049 | D:5      | HP: 8/35 [Blork the orc/+1 mace of protection (4)]
  3050 | D:5      | 3050 ||| READING 2 scrolls of teleportation.
  3050 | D:5      | HP: 2/35 [Blork the orc/magic dart (7)]
  3051 | D:5      | Slain by Blork the orc

Levels and vault maps discovered:
D:1:      dpeg_arrival_fog, layout_loops_ring
D:2:      layout_basic, uniq_natasha
D:3:      layout_basic, chequers_temple_overflow_statue_of_worship, uniq_jessica
D:4:      layout_cave_pools, fedhas_altar_3
D:5:      minmay_chambers_of_threes, layout_basic, uniq_blork_the_orc

Skill      XL: |  1  2  3  4  5 |
---------------+----------------+-----
Ranged Weapons | 6 7 8 9 |  9.5
Fighting       | 2 |  2.2
Dodging        | |  2.4
Stealth        | |  1.2

Action                     |  1- 3 |  4- 6 || total
---------------------------+-------+-------++-------
   Fire: Shortbow          |   106 |   128 ||   234
    Use: Scroll            |     6 |     9 ||    15
         Potion            |     3 |     2 ||     5
 Armour: Leather armour    |     5 |       ||     5
         Ring mail         |     8 |    18 ||    26
  Dodge: Dodged            |    49 |    21 ||    70

Table legend:
 A = Non-vault XP
 B = Vault XP
 C = Vault XP percentage of total XP
 D = Non-vault monster count
 E = Vault monster count
 F = Vault count percentage of total count
                 A         B        C        D         E       F
            +---------+---------+-------+---------+---------+-------
      Total |     356 |      72 |  16.8 |      73 |       2 |   2.7
            +---------+---------+-------+---------+---------+-------
        D:1 |      12 |       0 |   0.0 |       8 |       0 |   0.0
        D:2 |      67 |      35 |  34.3 |      22 |       1 |   4.3
        D:3 |      64 |      37 |  36.6 |      16 |       1 |   5.9
        D:4 |     162 |       0 |   0.0 |      23 |       0 |   0.0
        D:5 |      51 |       0 |   0.0 |       4 |       0 |   0.0
            +---------+---------+-------+---------+---------+-------
